 Dungeon Crawl Stone Soup version 0.31-a0-175-g9f7f995f2b (webtiles) character file.

Game seed: 3810541341132305310

15874 qw the Cleaver (level 12, -8/76 HPs)
             Began as a Gargoyle Fighter on June 16, 2023.
             Was an Elder of Okawaru.
             Mangled by an eight-headed hydra (12 damage)
             ... on level 2 of the Lair of Beasts.
             The game lasted 00:04:26 (11844 turns).

qw the Cleaver (Gargoyle Fighter)                  Turns: 11844, Time: 00:04:26

Health: -8/76      AC: 32    Str: 24    XL:     12   Next: 31%
Magic:  9/19       EV: 10    Int: 10    God:    Okawaru [****..]
Gold:   484        SH:  6    Dex:  7    Spells: 11/11 levels left

rFire   . . .        u - +3 morningstar
rCold   + . .        c - +0 buckler
rNeg    + . .        a - +0 chain mail
rPois   inf          j - +1 helmet
rElec   +            m - +0 cloak
rCorr   .            s - +2 pair of gloves {infuse}
SInv    +            r - +0 pair of boots "Inosh" {rElec}
Will    .....        v - amulet of faith Stlth
                     i - ring of Wonder {rPois rC+ Dex-2 Slay+3}
HPRegen 0.32/turn    b - ring of see invisible
MPRegen 0.16/turn

%: faith, infuse magic (1 MP)
@: about to teleport, heroic
A: sickness immunity, AC +8, negative energy resistance 1, electricity
resistance, torment resistance 1, petrification resistance, iridescent scales 1
a: Renounce Religion, Heroism, Finesse


You were on level 2 of the Lair of Beasts.
You worshipped Okawaru.
Okawaru was greatly pleased with you.
You visited 3 branches of the dungeon, and saw 13 of its levels.
You also visited: Sewer.

You collected 724 gold pieces.
You spent 240 gold pieces at shops.


Innate Abilities, Weirdness & Mutations

You are immune to sickness and miasma.
Your stone body is resilient. (AC +8)
You are immune to poison.
You resist negative energy. (rN+)
You are resistant to electric shocks. (rElec)
You are resistant to unholy torment.
You are immune to petrification.
You are partially covered in iridescent scales. (AC +2)


   Skills:
 + Level 9.3(14.3) Fighting
 - Level 12.0(17.0) Axes
 - Level 3.0(8.0) Throwing
 - Level 8.0(13.0) Armour
 - Level 1.0(6.0) Dodging
 - Level 6.1(11.1) Shields
 - Level 10.0 Invocations


You had 11 spell levels left.
You didn't know any spells.
Your spell library was empty.

Inventory:

Hand Weapons
 u - a +3 morningstar (weapon)
 Y - a +5 war axe
Missiles
 x - 5 javelins (quivered)
Armour
 a - a +0 chain mail (worn)
 c - a +0 buckler (worn)
 j - a +1 helmet (worn)
 m - a +0 cloak (worn)
 r - the +0 pair of boots "Inosh" (worn) {rElec}
   (You found it on level 5 of the Dungeon)

   rElec:     It insulates you from electricity.
 s - a +2 pair of gloves of infusion (worn)
Jewellery
 b - a ring of see invisible (right hand)
 h - a ring of protection from fire
 i - the ring of Wonder (left hand) {rPois rC+ Dex-2 Slay+3}
   (You found it on level 4 of the Dungeon)

   [ring of protection from cold]

   Dex:       It affects your dexterity (-2).
   Slay:      It affects your accuracy & damage with ranged weapons and melee
   (+3).
   rC:        It protects you from cold.
   rPois:     It protects you from poison.
 k - an amulet of reflection
 t - a ring of resist corrosion
 v - an amulet of faith (around neck)
Wands
 w - a wand of digging (6)
Scrolls
 f - 2 scrolls of identify
 g - 6 scrolls of teleportation
Potions
 d - 2 potions of might
 e - a potion of magic
 l - 2 potions of lignification
 n - 7 potions of mutation
 o - a potion of heal wounds
 p - 2 potions of curing
 q - 3 potions of cancellation

Dungeon Overview and Level Annotations

Branches:
Dungeon (10/15)            Temple (1/1) D:5            Lair (2/5) D:10
    Orc (0/2) D:10          Sewer (visited)
  Swamp: Lair:2-3    Shoals: Lair:2-3     Snake: Lair:2-3    Spider: Lair:2-3

Altars:
Ashenzari
Cheibriados
Dithmenos
Elyvilon
Fedhas
Gozag
Hepliaklqana
Kikubaaqudgha
Makhleb
Nemelex Xobeh
Okawaru
Qazlal
Ru
Sif Muna
Trog
Uskayaw
Vehumet
Wu Jian
Xom
Yredelemnul
Zin
The Shining One

Shops:
D:5 *   D:6 [

Annotations:
D:5 2 runed translucent doors
D:8 2 transporters, qw's ghost, novice GrFi


Message History

The eight-headed hydra barely misses you.
The eight-headed hydra bites you but does no damage.
The eight-headed hydra bites you. The eight-headed hydra bites you!
The eight-headed hydra bites you but does no damage.
The eight-headed hydra bites you. The basilisk gazes at you.
You are unaffected.
You puncture the eight-headed hydra!
The eight-headed hydra is moderately wounded.
The yak gores you but does no damage.
The eight-headed hydra barely misses you.
The eight-headed hydra bites you but does no damage.
The eight-headed hydra completely misses you.
You block the eight-headed hydra's attack.
The eight-headed hydra closely misses you.
The eight-headed hydra bites you but does no damage.
The eight-headed hydra bites you!
The eight-headed hydra bites you but does no damage.
The basilisk gazes at you. You resist with some effort.
The komodo dragon bites you but does no damage.
You bludgeon the eight-headed hydra!!
The eight-headed hydra is severely wounded.
A polar bear comes into view.
The eight-headed hydra barely misses you.
The eight-headed hydra bites you. x2
The eight-headed hydra bites you but does no damage. x2
The eight-headed hydra closely misses you.
The eight-headed hydra bites you but does no damage.
The eight-headed hydra barely misses you.
The yak gores you but does no damage. The komodo dragon bites you.
You block the basilisk's attack.
11844 ||| READING 7 scrolls of teleportation.
As you read the scroll of teleportation, it crumbles to dust.
You feel strangely unstable.
The komodo dragon bites you but does no damage.
You block the yak's attack. The eight-headed hydra bites you!
You block the eight-headed hydra's attack.
The eight-headed hydra bites you!
You die...

...# ....
....# ....
....# ...
. #...#
#P. ..
....#..
... ##....
....
#...S#
....#
#.}Dl#..P#
##Yl@...#
#.Y#...#
#.YY #..P#
#...#
......
.....
......
....##
.#### ...#
.# h##


You could see an eight-headed hydra, a polar bear, a komodo dragon, 4 yaks, a
basilisk and a water moccasin.

Vanquished Creatures
  Harold (D:10)
  2 two-headed ogres
  Urug (D:10)
  Pikel (D:6)
  An ugly thing (D:10)
  A black mamba (Lair:1)
  A gargoyle (D:10)
  A cane toad (Lair:1)
  Psyche (D:10)
  2 komodo dragons (D:10)
  A troll (D:10)
  A hornet (D:8)
  Prince Ribbit (D:8)
  8 blink frogs (Lair:1)
  4 wyverns
  A vampire (D:10)
  29 yaks
  Eustachio (D:6)
  A steam dragon (D:8)
  9 water moccasins
  An ice beast (D:7)
  5 black bears
  An ogre (D:4)
  2 centaurs
  A phantom (D:5)
  4 lemures (D:6)
  6 kobold brigands
  3 scorpions
  6 bullfrogs
  2 gnoll sergeants
  A jelly (D:7)
  7 howler monkeys
  3 hounds
  An orc priest (D:7)
  4 orc wizards
  3 sleepcaps
  An iguana (D:6)
  10 gnolls
  9 adders
  2 river rats
  2 shadow imps
  3 worms
  4 dart slugs
  11 orcs
  3 endoplasms
  4 giant cockroaches
  7 goblins
  4 hobgoblins
  30 kobolds
  3 quokkas
  9 ball pythons
  2 frilled lizards
  11 rats
233 creatures vanquished.

Notes
Turn   | Place    | Note
-------+----------+-------------------------------------------
     0 | D:1      | qw the Gargoyle Fighter began the quest for the Orb.
     0 | D:1      | Reached XP level 1. HP: 14/14 MP: 1/1
     0 | D:1      | 0 ||| qw: Version: 0.2-a-29-g511e9b1
     0 | D:1      | 0 ||| qw: Game counter: 5896
     0 | D:1      | 0 ||| qw: Always use a shield: true
     0 | D:1      | 0 ||| qw: God list: Okawaru
     0 | D:1      | 0 ||| qw: Allow faded altars: false
     0 | D:1      | 0 ||| qw: Do Orc after D:15 true
     0 | D:1      | 0 ||| qw: Do second Lair branch before Depths: true
     0 | D:1      | 0 ||| qw: Lair rune preference: random
     0 | D:1      | 0 ||| qw: Plans: Normal, Zot:1-4, Slime:5, God:TSO, Crypt,
                  | Tomb, Abyss, Pan, Hells, Win
     0 | D:1      | 0 ||| PLANNING D:1-11
    63 | D:1      | Reached skill level 2 in Axes
   121 | D:1      | 121 ||| Stepping ~*~*~tactically~*~*~ (hiding).
   122 | D:1      | 122 ||| Stepping ~*~*~tactically~*~*~ (hiding).
   425 | D:1      | Reached XP level 2. HP: 19/19 MP: 2/2
   434 | D:1      | 434 ||| Stepping ~*~*~tactically~*~*~ (hiding).
  1076 | D:1      | 1076 ||| UPGRADING to +0 helmet.
  1081 | D:1      | 1081 ||| UPGRADING to amulet of reflection.
  1086 | D:1      | 1086 ||| UPGRADING to ring of see invisible.
  1087 | D:1      | 1087 ||| READING scroll labelled AGEXKU EDAO.
  1088 | D:1      | 1088 ||| READING 2 scrolls labelled SEUSIKL TOKH.
  1089 | D:1      | 1089 ||| READING scroll labelled TEADI NIMUIMMA.
  1090 | D:1      | 1090 ||| READING scroll labelled NYARUIQUJUD.
  1091 | D:1      | 1091 ||| READING scroll labelled REUPTOU HOUZXY.
  1092 | D:1      | 1092 ||| READING scroll labelled INGALA IMYFOSH.
  1125 | D:2      | Reached skill level 3 in Axes
  1125 | D:2      | Reached XP level 3. HP: 23/23 MP: 3/3
  1137 | D:2      | 1137 ||| READING scroll of enchant weapon.
  1137 | D:2      | 1137 ||| ENCHANTING +1 war axe.
  1481 | D:2      | Reached skill level 1 in Throwing
  1810 | D:2      | 1810 ||| UPGRADING to +0 chain mail.
  1820 | D:2      | 1820 ||| DROPPING +0 scale mail.
  1821 | D:2      | 1821 ||| READING 2 scrolls of identify.
  1821 | D:2      | 1821 ||| IDENTIFYING clear potion
  1822 | D:2      | 1822 ||| DROPPING potion of brilliance.
  1863 | D:3      | Reached XP level 4. HP: 28/28 MP: 4/4
  1876 | D:3      | 1876 ||| READING scroll of enchant weapon.
  1876 | D:3      | 1876 ||| ENCHANTING +2 war axe.
  1974 | D:3      | 1974 ||| Stepping ~*~*~tactically~*~*~ (stealth).
  2105 | D:3      | Reached skill level 4 in Axes
  2333 | D:3      | Found a basalt altar of Yredelemnul.
  2333 | D:3      | Found a burning altar of Makhleb.
  2569 | D:3      | 2569 ||| UPGRADING to ring of protection from fire.
  2570 | D:3      | 2570 ||| READING scroll labelled DIUTOCK ALLO.
  2571 | D:3      | 2571 ||| DRINKING 2 murky sapphire potions.
  2609 | D:3      | 2609 ||| READING 2 scrolls of identify.
  2609 | D:3      | 2609 ||| IDENTIFYING white potion
  2610 | D:3      | 2610 ||| DROPPING potion of degeneration.
  2654 | D:4      | 2654 ||| STAIRDANCE
  2737 | D:4      | 2737 ||| Stepping ~*~*~tactically~*~*~ (stealth).
  2738 | D:4      | 2738 ||| Stepping ~*~*~tactically~*~*~ (stealth).
  2739 | D:4      | 2739 ||| Stepping ~*~*~tactically~*~*~ (stealth).
  2740 | D:4      | 2740 ||| Stepping ~*~*~tactically~*~*~ (stealth).
  2746 | D:4      | Noticed an ogre
  2747 | D:4      | 2747 ||| Stepping ~*~*~tactically~*~*~ (stealth).
  2748 | D:4      | 2748 ||| Stepping ~*~*~tactically~*~*~ (stealth).
  2754 | D:4      | Killed an ogre
  2755 | D:4      | Reached skill level 5 in Axes
  2755 | D:4      | Reached XP level 5. HP: 32/32 MP: 5/5
  2823 | D:4      | 2823 ||| Stepping ~*~*~tactically~*~*~ (stealth).
  2824 | D:4      | 2824 ||| Stepping ~*~*~tactically~*~*~ (stealth).
  3024 | D:4      | 3024 ||| DROPPING +0 club.
  3060 | D:4      | Identified the ring of Wonder {rPois rC+ Dex-2 Slay+3}
  3106 | D:4      | 3106 ||| Stepping ~*~*~tactically~*~*~ (stealth).
  3174 | D:4      | Found a hazy altar of Hepliaklqana.
  3175 | D:4      | Found a shadowy altar of Dithmenos.
  3175 | D:4      | Noticed a shadow
  3269 | D:4      | Found a glowing golden altar of the Shining One.
  3270 | D:4      | 3270 ||| UPGRADING to ring of Wonder {rPois rC+ Dex-2
                  | Slay+3}.
  3272 | D:4      | 3272 ||| UPGRADING to ring of see invisible.
  3274 | D:4      | 3274 ||| READING scroll labelled NACEINO TEET.
  3275 | D:4      | 3275 ||| READING scroll labelled DIWNIFO NUCER.
  3276 | D:4      | 3276 ||| READING scroll labelled MISCHY GUGEMEM.
  3281 | D:4      | 3281 ||| DRINKING 2 inky potions.
  3282 | D:4      | 3282 ||| READING 2 scrolls of identify.
  3282 | D:4      | 3282 ||| IDENTIFYING emerald potion
  3283 | D:4      | 3283 ||| DROPPING potion of ambrosia.
  3284 | D:4      | 3284 ||| DROPPING potion of enlightenment.
  3307 | D:5      | Entered Level 5 of the Dungeon
  3307 | D:5      | Found a glowing drain.
  3308 | D:5      | 3308 ||| PLANNING SEWER
  3308 | D:5      | 3308 ||| STAIRDANCE
  3312 | D:5      | 3312 ||| STAIRDANCE
  3316 | D:5      | 3316 ||| STAIRDANCE
  3341 | Sewer    | Entered a sewer
  3342 | Sewer    | 3342 ||| Stepping ~*~*~tactically~*~*~ (hiding).
  3356 | Sewer    | 3356 ||| Stepping ~*~*~tactically~*~*~ (stealth).
  3357 | Sewer    | 3357 ||| Stepping ~*~*~tactically~*~*~ (stealth).
  3370 | Sewer    | 3370 ||| Stepping ~*~*~tactically~*~*~ (stealth).
  3379 | Sewer    | Reached XP level 6. HP: 33/38 MP: 6/6
  3433 | Sewer    | 3433 ||| Stepping ~*~*~tactically~*~*~ (hiding).
  3434 | Sewer    | 3434 ||| Stepping ~*~*~tactically~*~*~ (hiding).
  3568 | Sewer    | 3568 ||| Stepping ~*~*~tactically~*~*~ (hiding).
  3657 | Sewer    | 3657 ||| Stepping ~*~*~tactically~*~*~ (water).
  3665 | Sewer    | 3665 ||| Stepping ~*~*~tactically~*~*~ (stealth).
  3795 | Sewer    | 3795 ||| READING 2 scrolls of enchant weapon.
  3795 | Sewer    | 3795 ||| ENCHANTING +3 war axe.
  3796 | Sewer    | 3796 ||| READING scroll of enchant weapon.
  3796 | Sewer    | 3796 ||| ENCHANTING +4 war axe.
  3797 | Sewer    | 3797 ||| READING scroll labelled GACUOM ARCHYCY.
  3798 | Sewer    | 3798 ||| DRINKING 2 sedimented silvery potions.
  3826 | D:5      | 3826 ||| PLANNING D:1-11
  3840 | D:5      | Reached skill level 6 in Axes
  3859 | D:5      | Noticed a black bear
  3865 | D:5      | Killed a black bear
  3866 | D:5      | Reached XP level 7. HP: 43/43 MP: 7/7
  3889 | D:5      | Found a staircase to the Ecumenical Temple.
  3890 | D:5      | 3890 ||| PLANNING TEMPLE
  3890 | D:5      | 3890 ||| DRINKING 2 amethyst potions.
  3890 | D:5      | Gained mutation: You are partially covered in iridescent
                  | scales. (AC +2) [potion of mutation]
  3896 | Temple   | Entered the Ecumenical Temple
  3950 | Temple   | 3950 ||| PLANNING OKAWARU WORSHIP
  3988 | Temple   | Became a worshipper of Warmaster Okawaru
  3989 | Temple   | 3989 ||| PLANNING D:1-11
  4042 | D:5      | Reached skill level 7 in Axes
  4045 | D:5      | 4045 ||| Stepping ~*~*~tactically~*~*~ (stealth).
  4064 | D:5      | 4064 ||| DROPPING +0 whip.
  4081 | D:5      | Found Bak Doi's Gadget Gallery.
  4084 | D:5      | Identified the +0 pair of boots "Inosh" {rElec}
  4229 | D:5      | Found a runed translucent door.
  4231 | D:5      | Found a runed translucent door.
  4350 | D:5      | Found a snail-covered altar of Cheibriados.
  4565 | D:5      | 4565 ||| UPGRADING to +0 pair of boots "Inosh" {rElec}.
  4570 | D:5      | 4570 ||| READING scroll labelled KIUGGU ICZU.
  4571 | D:5      | 4571 ||| DRINKING 2 dark potions.
  4572 | D:5      | 4572 ||| READING 2 scrolls of identify.
  4572 | D:5      | 4572 ||| IDENTIFYING metallic coppery potion
  4573 | D:5      | 4573 ||| DROPPING potion of berserk rage.
  4601 | D:6      | Found Mepsizxi's Antique Armour Shoppe.
  4610 | D:6      | 4610 ||| BUYING cloak (90 gold).
  4610 | D:6      | Bought a cloak for 90 gold pieces
  4610 | D:6      | 4610 ||| BUYING pair of embroidered gloves (150 gold).
  4610 | D:6      | Bought a pair of embroidered gloves for 150 gold pieces
  4615 | D:6      | Noticed Pikel
  4628 | D:6      | Killed Pikel
  4628 | D:6      | Reached * piety under Okawaru
  4629 | D:6      | Reached skill level 8 in Axes
  4629 | D:6      | Reached XP level 8. HP: 31/49 MP: 8/8
  4752 | D:6      | Reached skill level 1 in Dodging
  4752 | D:6      | Reached skill level 1 in Invocations
  4841 | D:6      | 4841 ||| INVOKING Heroism.
  4850 | D:6      | 4850 ||| Stepping ~*~*~tactically~*~*~ (stealth).
  4915 | D:6      | Reached ** piety under Okawaru
  5124 | D:6      | Noticed Eustachio
  5125 | D:6      | 5125 ||| INVOKING Heroism.
  5143 | D:6      | Killed Eustachio
  5144 | D:6      | Reached skill level 3 in Invocations
  5144 | D:6      | Reached XP level 9. HP: 53/54 MP: 11/11
  5334 | D:6      | 5334 ||| UPGRADING to +0 cloak.
  5339 | D:6      | 5339 ||| UPGRADING to +2 pair of gloves of infusion.
  5344 | D:6      | 5344 ||| DROPPING amulet of guardian spirit.
  5516 | D:7      | 5516 ||| Stepping ~*~*~tactically~*~*~ (hiding).
  5517 | D:7      | 5517 ||| INVOKING Heroism.
  5523 | D:7      | Reached skill level 6 in Fighting
  5764 | D:7      | 5764 ||| INVOKING Heroism.
  5991 | D:7      | Found a sacrificial altar of Ru.
  6090 | D:7      | Found a broken altar of Ashenzari.
  6310 | D:7      | 6310 ||| Stepping ~*~*~tactically~*~*~ (stealth).
  6327 | D:7      | Reached skill level 9 in Axes
  6519 | D:7      | 6519 ||| READING scroll labelled QIGGEK VYFATU.
  6707 | D:8      | 6707 ||| Stepping ~*~*~tactically~*~*~ (stealth).
  6759 | D:8      | 6759 ||| Stepping ~*~*~tactically~*~*~ (stealth).
  6850 | D:8      | Found an opulent altar of Gozag.
  6884 | D:8      | Found a transporter.
  6884 | D:8      | Noticed a moth of wrath
  6886 | D:8      | 6886 ||| Stepping ~*~*~tactically~*~*~ (hiding).
  6890 | D:8      | 6890 ||| INVOKING Heroism.
  6894 | D:8      | 6894 ||| Stepping ~*~*~tactically~*~*~ (cloud).
  6908 | D:8      | 6908 ||| Stepping ~*~*~tactically~*~*~ (stealth).
  6945 | D:8      | Found a transporter.
  6952 | D:8      | Found a bloodstained altar of Trog.
  6959 | D:8      | Noticed a hornet
  6969 | D:8      | Noticed Prince Ribbit
  6970 | D:8      | 6970 ||| INVOKING Heroism.
  6972 | D:8      | Killed a hornet
  6973 | D:8      | Reached skill level 6 in Armour
  6994 | D:8      | 6994 ||| INVOKING Heroism.
  6998 | D:8      | Killed Prince Ribbit
  7039 | D:8      | 7039 ||| Stepping ~*~*~tactically~*~*~ (stealth).
  7041 | D:8      | 7041 ||| Stepping ~*~*~tactically~*~*~ (stealth).
  7042 | D:8      | 7042 ||| Stepping ~*~*~tactically~*~*~ (stealth).
  7107 | D:8      | Noticed qw's ghost (novice GrFi)
  7145 | D:8      | 7145 ||| READING scroll of enchant armour.
  7145 | D:8      | 7145 ||| ENCHANTING +0 helmet.
  7275 | D:8      | 7275 ||| DROPPING +0 flail.
  7290 | D:8      | Reached XP level 10. HP: 58/63 MP: 1/13
  7576 | D:9      | Noticed a two-headed ogre
  7577 | D:9      | 7577 ||| INVOKING Heroism.
  7586 | D:9      | Killed a two-headed ogre
  7586 | D:9      | Reached *** piety under Okawaru
  7587 | D:9      | Reached skill level 10 in Axes
  7652 | D:9      | 7652 ||| Stepping ~*~*~tactically~*~*~ (stealth).
  7758 | D:9      | 7758 ||| Stepping ~*~*~tactically~*~*~ (hiding).
  7774 | D:9      | 7774 ||| Stepping ~*~*~tactically~*~*~ (stealth).
  8046 | D:9      | Found a blossoming altar of Fedhas.
  8295 | D:9      | Reached **** piety under Okawaru
  8870 | D:9      | 8870 ||| READING 3 scrolls of identify.
  8870 | D:9      | 8870 ||| IDENTIFYING purple potion
  8871 | D:9      | 8871 ||| READING 2 scrolls of identify.
  8871 | D:9      | 8871 ||| IDENTIFYING blue potion
  8898 | D:10     | Entered Level 10 of the Dungeon
  8899 | D:10     | 8899 ||| INVOKING Heroism.
  8902 | D:10     | Noticed a gargoyle
  8906 | D:10     | 8906 ||| Stepping ~*~*~tactically~*~*~ (hiding).
  8915 | D:10     | Killed a gargoyle
  9030 | D:10     | Noticed Psyche
  9031 | D:10     | 9031 ||| INVOKING Heroism.
  9041 | D:10     | Killed Psyche
  9042 | D:10     | Reached skill level 11 in Axes
  9100 | D:10     | 9100 ||| INVOKING Heroism.
  9101 | D:10     | 9101 ||| Stepping ~*~*~tactically~*~*~ (stealth).
  9102 | D:10     | 9102 ||| Stepping ~*~*~tactically~*~*~ (stealth).
  9117 | D:10     | 9117 ||| Stepping ~*~*~tactically~*~*~ (stealth).
  9119 | D:10     | 9119 ||| INVOKING Heroism.
  9123 | D:10     | 9123 ||| Stepping ~*~*~tactically~*~*~ (stealth).
  9141 | D:10     | 9141 ||| Stepping ~*~*~tactically~*~*~ (stealth).
  9152 | D:10     | 9152 ||| INVOKING Heroism.
  9163 | D:10     | Noticed a two-headed ogre
  9164 | D:10     | Reached XP level 11. HP: 61/68 MP: 0/14
  9188 | D:10     | Killed a two-headed ogre
  9189 | D:10     | Reached skill level 9 in Fighting
  9189 | D:10     | Reached skill level 6 in Invocations
  9332 | D:10     | Found a staircase to the Lair.
  9415 | D:10     | 9415 ||| Stepping ~*~*~tactically~*~*~ (stealth).
  9541 | D:10     | Found a staircase to the Orcish Mines.
  9548 | D:10     | Noticed a red ugly thing
  9563 | D:10     | Killed a red ugly thing
  9571 | D:10     | Reached ***** piety under Okawaru
  9840 | D:10     | Noticed Harold
  9841 | D:10     | 9841 ||| INVOKING Heroism.
  9853 | D:10     | Killed Harold
  9853 | D:10     | Received a gift from Okawaru
 10132 | D:10     | Noticed Urug
 10133 | D:10     | 10133 ||| INVOKING Heroism.
 10134 | D:10     | 10134 ||| INVOKING Finesse.
 10147 | D:10     | Killed Urug
 10148 | D:10     | Reached skill level 12 in Axes
 10385 | D:10     | 10385 ||| PLANNING LAIR
 10385 | D:10     | 10385 ||| DROPPING +1 pair of gloves.
 10392 | Lair:1   | Entered Level 1 of the Lair of Beasts
 10393 | Lair:1   | 10393 ||| INVOKING Heroism.
 10415 | Lair:1   | Reached skill level 3 in Throwing
 10636 | Lair:1   | 10636 ||| Stepping ~*~*~tactically~*~*~ (stealth).
 10640 | Lair:1   | Reached XP level 12. HP: 71/76 MP: 13/18
 10650 | Lair:1   | Reached skill level 9 in Invocations
 11019 | Lair:1   | 11019 ||| Stepping ~*~*~tactically~*~*~ (stealth).
 11036 | Lair:1   | Received a gift from Okawaru
 11170 | Lair:1   | 11170 ||| Stepping ~*~*~tactically~*~*~ (stealth).
 11171 | Lair:1   | 11171 ||| INVOKING Heroism.
 11173 | Lair:1   | 11173 ||| Stepping ~*~*~tactically~*~*~ (stealth).
 11466 | Lair:1   | Reached skill level 6 in Shields
 11725 | Lair:1   | 11725 ||| INVOKING Heroism.
 11792 | Lair:1   | 11792 ||| DROPPING +1 hat.
 11793 | Lair:1   | 11793 ||| UPGRADING to amulet of faith.
 11832 | Lair:2   | Noticed an eight-headed hydra
 11833 | Lair:2   | 11833 ||| INVOKING Heroism.
 11839 | Lair:2   | 11839 ||| SWAPPING to +3 morningstar.
 11843 | Lair:2   | HP: 18/76 [eight-headed hydra (5)]
 11844 | Lair:2   | 11844 ||| READING 7 scrolls of teleportation.
 11844 | Lair:2   | HP: 4/76 [eight-headed hydra (10)]
 11844 | Lair:2   | Mangled by an eight-headed hydra

Levels and vault maps discovered:
D:1:      onia_arrival_handbag, layout_loops_corners
D:2:      layout_loops_cross, grunt_ministairs_6, kennysheep_donut
D:3:      layout_loops_ring, gammafunk_temple_overflow_pools
D:4:      layout_gridville, riverfiend_overflow_shadow_ancestor,
          tso_oasis_becter
D:5:      lemuel_insect_pit, layout_cave_pools, kennysheep_mini,
          minmay_temple_entry_nine_rooms, portal_sewer_entry_a,
          chequers_decorated_corner, nicolae_shop_gadgets
D:6:      layout_gridville, serial_shops, shop, serial_glass, glass_columns_a,
          glass_columns_c, glass_columns_a, glass_columns_b, glass_columns_c,
          glass_columns_c, glass_columns_a, glass_columns_a, glass_columns_b,
          glass_columns_a, uniq_eustachio, uniq_pikel
D:7:      layout_loops_corners, lemuel_coloured_pillars_altar,
          lemuel_crystal_altar, minmay_misc_feat_plants
D:8:      layout_rooms, overflow_temple_1_default,
          gammafunk_ghost_wrathful_warriors, uniq_prince_ribbit1
D:9:      layout_stronghold, mainiacjoe_overflow_brackets, kennysheep_path_1
D:10:     layout_long_grid, due_lair_maze_entry_diamond, orc_0_dummy,
          kennysheep_potato, uniq_urug, uniq_harold, uniq_psyche
Temple:   nicolae_temple_godzebo
Lair:1:   layout_cave_pods
Lair:2:   layout_long_grid, gammafunk_ghost_berserking_beasts,
          kennysheep_snail_temple, grunt_megastairs_5

Skill      XL: |  1  2  3  4  5  6  7  8  9 10 11 12 |
---------------+-------------------------------------+-----
Axes           | 2 3 5 6 8 9 11 12 | 12.0
Throwing       | 1 2 3 |  3.0
Fighting       | 4 5 7 8 9 |  9.3
Dodging        | 1 |  1.0
Invocations    | 3 4 8 10 | 10.0
Armour         | 4 6 7 8 |  8.0
Shields        | 4 5 6 |  6.1

Action                     |  1- 3 |  4- 6 |  7- 9 | 10-12 || total
---------------------------+-------+-------+-------+-------++-------
  Melee: War axe           |    56 |   104 |   165 |   278 ||   603
         Morningstar       |       |       |       |     4 ||     4
  Throw: Javelin           |    27 |    28 |    24 |    33 ||   112
 Invoke: Heroism           |       |       |     7 |    12 ||    19
         Finesse           |       |       |       |     1 ||     1
    Use: Scroll            |     8 |    10 |     4 |     3 ||    25
         Potion            |       |     3 |     2 |       ||     5
 Armour: Scale mail        |    29 |       |       |       ||    29
         Chain mail        |       |    36 |    75 |   127 ||   238
  Dodge: Dodged            |    19 |    25 |    44 |    61 ||   149
  Block: Buckler           |     8 |    31 |    62 |    97 ||   198
         Reflection        |       |     1 |     3 |     1 ||     5

Table legend:
 A = Non-vault XP
 B = Vault XP
 C = Vault XP percentage of total XP
 D = Non-vault monster count
 E = Vault monster count
 F = Vault count percentage of total count
                 A         B        C        D         E       F
            +---------+---------+-------+---------+---------+-------
      Total |   16678 |    6000 |  26.5 |     183 |      46 |  20.1
            +---------+---------+-------+---------+---------+-------
        D:1 |      14 |       4 |  22.2 |      10 |       4 |  28.6
        D:2 |      47 |      15 |  24.2 |      15 |       2 |  11.8
        D:3 |      56 |       0 |   0.0 |      11 |       0 |   0.0
        D:4 |     154 |      13 |   7.8 |      13 |       1 |   7.1
        D:5 |     584 |       4 |   0.7 |      15 |       3 |  16.7
        D:6 |     450 |     789 |  63.7 |       6 |       2 |  25.0
        D:7 |    1018 |       0 |   0.0 |      20 |       0 |   0.0
        D:8 |     973 |     283 |  22.5 |      21 |       1 |   4.5
        D:9 |    2615 |       0 |   0.0 |      23 |       0 |   0.0
       D:10 |    4834 |    4554 |  48.5 |      23 |      15 |  39.5
     Lair:1 |    5782 |       0 |   0.0 |      25 |       0 |   0.0
     Lair:2 |     151 |      85 |  36.0 |       1 |       1 |  50.0
      Sewer |       0 |     253 | 100.0 |       0 |      17 | 100.0
            +---------+---------+-------+---------+---------+-------
